 Dungeon Crawl Stone Soup version 0.28-a0-258-g8de209e91f (webtiles) character file.

Game seed: 1716182830672250454

574 Whiskey the Shield-Bearer (level 7, -3/56 HPs)
             Began as a Formicid Fighter on Aug 27, 2021.
             Was an Initiate of Qazlal.
             Slain by a gnoll sergeant (10 damage)
             ... on level 5 of the Dungeon.
             The game lasted 00:09:08 (4454 turns).

Whiskey the Shield-Bearer (Formicid Fighter)        Turns: 4454, Time: 00:09:08

Health: -3/56      AC:  7    Str: 22    XL:     7   Next: 61%
Magic:  0/7        EV:  4    Int:  8    God:    Qazlal [......]
Gold:   182        SH:  0    Dex: 10    Spells: 6/6 levels left

rFire   + . .      SeeInvis +   a - +0 war axe
rCold   x . .      Faith    .   c - +0 kite shield
rNeg    . . .      Spirit   +   b - +0 scale mail
rPois   .          Reflect  .   (helmet unavailable)
rElec   .          Harm     .   (no cloak)
rCorr   .          Rampage  .   (no gloves)
Will    .....                   (no boots)
Stlth   ..........              o - amulet of guardian spirit {Spirit}
HPRegen 0.18/turn               r - ring of fire {rF+, rC-}
MPRegen 0.10/turn               (no ring)

@: held
A: permanent stasis, dig shafts and tunnels, antennae 3, four strong arms
a: Dig, Shaft Self, Renounce Religion


You were on level 5 of the Dungeon.
You worshipped Qazlal.
Qazlal was noncommittal.
You visited 2 branches of the dungeon, and saw 6 of its levels.

You collected 182 gold pieces.

Inventory:

Hand Weapons
 a - a +0 war axe (weapon)
 q - a +1 flail of protection
   (You found it on level 2 of the Dungeon)
 s - a +1 dagger of venom
   (You took it off a goblin on level 3 of the Dungeon)
Armour
 b - a +0 scale mail (worn)
 c - a +0 kite shield (worn)
Jewellery
 o - an amulet of guardian spirit (around neck) {Spirit}
   (You found it on level 2 of the Dungeon)
 r - a ring of fire (left hand) {rF+, rC-}
   (You found it on level 2 of the Dungeon)
 t - a ring of protection from fire {rF+, !d}
   (You found it on level 3 of the Dungeon)
Scrolls
 e - a scroll of summoning {unknown}
 f - 3 scrolls of identify
 h - a scroll of amnesia {unknown}
 i - 2 scrolls of teleportation {unknown}
 j - a scroll of noise {unknown}
 k - a scroll of magic mapping {unknown}
 l - a scroll of vulnerability {unknown}
 n - a scroll of fog {unknown}
 p - 4 scrolls of fear
Potions
 d - 4 potions of might
 g - a potion of magic
 m - 3 potions of brilliance
 u - a potion of curing {unknown}


   Skills:
 + Level 5.3 Fighting
 + Level 4.1 Axes
 + Level 5.3 Armour
 + Level 5.8 Shields
 + Level 0.7 Invocations


You had 6 spell levels left.
You didn't know any spells.
Your spell library was empty.

Dungeon Overview and Level Annotations

Branches:
Dungeon (5/15)             Temple (1/1) D:4

Altars:
Ashenzari
Cheibriados
Dithmenos
Elyvilon
Fedhas
Gozag
Hepliaklqana
Kikubaaqudgha
Makhleb
Nemelex Xobeh
Okawaru
Qazlal
Ru
Trog
Uskayaw
Vehumet
Wu Jian
Xom
Yredelemnul
Zin
The Shining One
Beogh

Shops:
D:1 (:*(

Annotations:
D:2 Natasha


Innate Abilities, Weirdness & Mutations

You cannot be hasted, slowed, berserked, paralysed or teleported.
You can dig through walls and to a lower floor.
You have a pair of large antennae on your head. (SInv)
Your four strong arms can wield two-handed weapons with a shield.


Message History

The centaur zombie hits you but does no damage.
The centaur zombie closely misses you.
You slash the centaur zombie!
The centaur zombie hits you but does no damage.
The centaur zombie kicks you but does no damage.
The centaur zombie hits you. The centaur zombie misses you.
The gnoll barely misses you.
You take 1 damage, and have 55/56 hp.
You now have 6/7 mp.
You hit the centaur zombie. You hit the gnoll.
The centaur zombie hits you but does no damage.
The centaur zombie kicks you but does no damage.
You block the gnoll's attack. The centaur zombie barely misses you.
You block the centaur zombie's attack.
You hit the centaur zombie. You slash the gnoll!
You kill the gnoll!
Qazlal accepts your kill. You block the centaur zombie's attack.
The centaur zombie kicks you but does no damage.
The centaur zombie hits you but does no damage.
The centaur zombie barely misses you.
You hit the centaur zombie but do no damage.
The centaur zombie hits you but does no damage.
The centaur zombie kicks you but does no damage.
The centaur zombie barely misses you. The centaur zombie kicks you.
Health restored: 56 You now have 5/7 mp.
You hit the centaur zombie.
You destroy the centaur zombie!
Qazlal accepts your kill.
No target in view!
No target in view!
No target in view!
No target in view!
No target in view!
No target in view!
No target in view!
No target in view!
No target in view!
No target in view!
No target in view!
No target in view!
No target in view!
No target in view!
A gnoll sergeant comes into view. It is wielding a +0 spear.
Unknown command.
The gnoll sergeant shouts!
You hear a shout! x2
A gnoll comes into view. It is wielding a +0 whip.
The gnoll sergeant hits you from afar with a +0 spear!
You take 7 damage, and have 49/56 hp.
You now have 5/7 mp.
A gnoll comes into view. It is wielding a +0 halberd.
The gnoll shouts!
You hear an angry hiss.
You hear a bark!
The gnoll sergeant hits you with a +0 spear!
You closely miss the gnoll sergeant.
A gnoll comes into view. It is wielding a +0 spear.
You block the gnoll sergeant's attack.
The gnoll shouts!
You hit the gnoll sergeant.
The gnoll sergeant completely misses you.
You slash the gnoll sergeant! You hit the gnoll.
The gnoll sergeant hits you with a +0 spear.
You block the gnoll's attack.
You take 8 damage, and have 41/56 hp.
You now have 4/7 mp.
You hit the gnoll sergeant but do no damage.
You hit the gnoll. The gnoll hits you with a +0 whip.
A gnoll comes into view. It is wielding a +0 halberd of flaming.
The gnoll misses you. You block the gnoll sergeant's attack.
You take 4 damage, and have 37/56 hp.
You barely miss the gnoll sergeant.
The gnoll shouts!
You slash the gnoll!
You kill the gnoll!
Qazlal accepts your kill.
You hear a shout!
You block the gnoll's attack.
The gnoll sergeant hits you with a +0 spear.
A gnoll comes into view. It is wielding a +0 whip.
The gnoll sergeant closely misses you.
The gnoll throws a throwing net.
The throwing net hits you.
You become entangled in the net!
You are held in a net!
You are held in a net!
You are held in a net!
You are held in a net!
You are held in a net!
You are held in a net!
You are held in a net!
You are held in a net!
You are held in a net!
You are held in a net!
You are held in a net!
You take 6 damage, and have 31/56 hp.
You are held in a net!
You tear a large gash into the net.
The gnoll shouts!
The gnoll hits you from afar with a +0 halberd!
The gnoll sergeant hits you with a +0 spear!
You take 14 damage, and have 17/56 hp.
MASSIVE DAMAGE!!
You now have 2/7 mp.
You struggle against the net.
The gnoll hits you from afar with a +0 halberd!
* * * LOW HITPOINT WARNING * * *
The gnoll sergeant hits you with a +0 spear!
You die...

#.. ..# ##... ..
#....###g.
#.....#g. ...
#......g. ..#
......#g# ##..#
.
#....).##...##..
##g@.......!# .
#.(.........
....##.).....##.
..........<..#
#...#........#
##.
#.#.......... #
#..[.(.........
#.....##..##...
...!.(.. .... ..


You could see a gnoll sergeant and 4 gnolls.

Vanquished Creatures
  2 black bears (D:4)
  A scorpion (D:4)
  A centaur zombie (D:5)
  Jessica (D:2)
  2 orc wizards (D:4)
  Natasha (D:2)
  A hound skeleton (D:4)
  Robin (D:3)
  5 gnolls
  3 adders
  2 worms
  6 dart slugs
  3 orcs (D:4)
  7 bats
  5 endoplasms
  5 giant cockroaches
  14 goblins
  11 hobgoblins
  5 kobolds
  2 quokkas
  5 ball pythons
  A quokka skeleton (D:4)
  9 rats
93 creatures vanquished.

Notes
Turn   | Place    | Note
-------+----------+-------------------------------------------
     0 | D:1      | Whiskey the Formicid Fighter began the quest for the Orb.
     0 | D:1      | Reached XP level 1. HP: 18/18 MP: 1/1
   174 | D:1      | Reached XP level 2. HP: 9/24 MP: 2/2
   370 | D:1      | Found a faded altar of an unknown god.
   444 | D:1      | Found Edutil's Weapon Emporium.
   522 | D:1      | Reached XP level 3. HP: 26/29 MP: 3/3
   565 | D:1      | Reached skill level 4 in Shields
   598 | D:1      | Found Qukiywat's Assorted Antiques.
   669 | D:1      | Found Biariun's Book Shop.
   767 | D:1      | Found Qoghi's Antique Weapon Shop.
  1371 | D:2      | Noticed Natasha
  1382 | D:2      | Killed Natasha
  1383 | D:2      | Reached XP level 4. HP: 19/37 MP: 2/4
  1511 | D:2      | Reached skill level 4 in Fighting
  1609 | D:2      | Found a broken altar of Ashenzari.
  1885 | D:2      | Noticed Jessica
  1891 | D:2      | Killed Jessica
  1892 | D:2      | Reached skill level 4 in Armour
  1892 | D:2      | Reached XP level 5. HP: 35/42 MP: 3/5
  2258 | D:2      | Noticed Natasha
  2302 | D:3      | Noticed Robin
  2317 | D:3      | Killed Robin
  2324 | D:3      | Reached skill level 3 in Axes
  3026 | D:4      | Noticed a black bear
  3032 | D:4      | Killed a black bear
  3033 | D:4      | Reached skill level 5 in Shields
  3033 | D:4      | Reached XP level 6. HP: 49/49 MP: 6/6
  3116 | D:4      | Noticed a black bear
  3124 | D:4      | Killed a black bear
  3389 | D:4      | Reached skill level 5 in Fighting
  3389 | D:4      | Reached skill level 5 in Armour
  3389 | D:4      | Reached XP level 7. HP: 39/56 MP: 5/7
  3611 | D:4      | Reached skill level 4 in Axes
  3839 | D:4      | Found a staircase to the Ecumenical Temple.
  3846 | Temple   | Entered the Ecumenical Temple
  3890 | Temple   | Became a worshipper of Qazlal Stormbringer
  4430 | D:5      | Entered Level 5 of the Dungeon
  4454 | D:5      | HP: 7/56 [gnoll (10)]
  4454 | D:5      | Slain by a gnoll sergeant

Illustrated notes

Levels and vault maps discovered:
D:1:      arrival_zaba_pyramid, layout_loops_ring,
          hellmonk_ecumenical_altar_defaced_shrine, serial_shops, shop,
          nicolae_square_shop, nicolae_lakefront_shop, shop_statue,
          chequers_serial_rivers_micro_b
D:2:      layout_loops_ring, basic_altar, uniq_natasha, uniq_jessica
D:3:      layout_rooms, fountainhead, uniq_robin
D:4:      layout_loops_ring, minmay_temple_entry_statues_fountains
D:5:      layout_cave_pools, minmay_chambers_of_fives, uniq_pikel
Temple:   kilobyte_greek_temple

Skill      XL: |  1  2  3  4  5  6  7 |
---------------+----------------------+-----
Shields        | 4 5 |  5.8
Fighting       | 4 5 |  5.3
Armour         | 4 5 |  5.3
Axes           | 3 4 |  4.1
Invocations    | |  0.7

Action                   |  1- 3 |  4- 6 |  7- 9 || total
-------------------------+-------+-------+-------++-------
Melee: War axe           |    93 |   111 |    56 ||   260
  Use: Scroll            |       |     3 |       ||     3
Armor: Scale mail        |    49 |    55 |    27 ||   131
Dodge: Dodged            |    38 |    44 |    32 ||   114
Block: Kite shield       |    46 |    52 |    31 ||   129

Table legend: (Time is in decaauts)
 A = Elapsed time spent in this place.
 B = Non-inter-level travel time spent in this place.
 C = Inter-level travel time spent in this place.
 D = Time resting spent in this place.
 E = Time spent auto-exploring this place.
 F = Levels seen in this place.
 G = Mean time per level.
                   A        B        C        D        E       F      G
               +--------+--------+--------+--------+--------+-----+--------+
         Total |   4584 |   4495 |     89 |    277 |   3455 |   6 |  764.0 |
       Dungeon |   4385 |   4345 |     40 |    277 |   3322 |   5 |  877.0 |
        Temple |    198 |    149 |     49 |      0 |    133 |   1 |  198.0 |
               +--------+--------+--------+--------+--------+-----+--------+

Top non-repeatable levels by time:
     D:1: 1389 daAuts
     D:4: 1248 daAuts
     D:2: 936 daAuts
     D:3: 783 daAuts
  Temple: 198 daAuts
     D:5: 28 daAuts

Table legend:
 A = Kills in this place as a percentage of kills in entire the game.
 B = Kills by you in this place as a percentage of kills by you in the entire game.
 C = Kills by friends in this place as a percentage of kills by friends in the entire game.
 D = Other kills in this place as a percentage of other kills in the entire game.
 E = Experience gained in this place as a percentage of experience gained in the entire game.
 F = Experience gained in this place divided by the number of levels of this place that you have seen.
                   A       B       C       D       E      F
               +-------+-------+-------+-------+-------+----------------------
         Total | 100.0 | 100.0 |   N/A |   N/A | 100.0 | 136.7
       Dungeon | 100.0 | 100.0 |   N/A |   N/A | 100.0 | 164.0
               +-------+-------+-------+-------+-------+----------------------
